 Dungeon Crawl Stone Soup version 0.20.0-10-g0535bb4 (webtiles) character file.

7268 tof the Basher (level 10, 0/90 HPs)
             Began as a Minotaur Berserker on June 5, 2017.
             Was a High Priest of Trog.
             Slain by Sonja
             ... wielding a +1 dagger of distortion
              (17 damage)
             ... on level 10 of the Dungeon.
             The game lasted 00:24:39 (8693 turns).

tof the Basher (Minotaur Berserker)                 Turns: 8693, Time: 00:24:40

Health: 0/90       AC: 16    Str: 31    XL:     10   Next: 89%
Magic:  10/10      EV: 15    Int:  4    God:    Trog [*****.]
Gold:   433        SH:  3    Dex:  9    Spells: 9/9 levels left

rFire    . . .     SeeInvis .   K - +7 dire flail (protect)
rCold    . . .     Gourm    .   (shield currently unavailable)
rNeg     . . .     Faith    .   q - quicksilver dragon scales
rPois    .         Spirit   .   (helmet restricted)
rElec    .         Reflect  +   (no cloak)
rCorr    .         Harm     .   k - +0 pair of gloves
MR       +....     Rnd*Tele +   (no boots)
Stlth    ..........             O - +3 amulet of reflection
Regen    0.0/turn               (no ring)
MPRegen  0.2/turn               (no ring)

@: mighty, about to teleport, berserk cooldown, slowed, very slow
A: retaliatory headbutt, horns 2, deterioration 1, high mp 1, mutation
resistance 1, shaggy fur 1, inhibited regeneration, teleportitis 1
a: Berserk, Trog's Hand, Brothers in Arms, Burn Spellbooks, Renounce Religion


You were on level 10 of the Dungeon.
You worshipped Trog.
Trog was extremely pleased with you.
You were hungry.

You visited 1 branch of the dungeon, and saw 10 of its levels.
You also visited: Ossuary.

You collected 433 gold pieces.

Inventory:

Hand Weapons
 a - a +1 morningstar
 f - a +0 mace of protection
 r - a +0 mace
 K - a +7 dire flail of protection (weapon)
Armour
 k - a +0 pair of gloves (worn)
 q - quicksilver dragon scales (worn)
Jewellery
 O - a +3 amulet of reflection (around neck)
Wands
 b - a wand of iceblast (6/15)
 m - a wand of disintegration (18/24)
 D - a wand of confusion (34/48)
 E - a wand of flame (31/48)
 G - a wand of iceblast (11/15)
Scrolls
 g - a scroll of fog
 h - a scroll of recharging
 j - 7 scrolls of remove curse
 n - a scroll of enchant armour
 p - a scroll of noise {unknown}
 x - 4 scrolls of teleportation
 y - a scroll of vulnerability {unknown}
 A - a scroll of summoning {unknown}
 B - a scroll of holy word {unknown}
 F - 4 scrolls of magic mapping
 N - a scroll of enchant weapon
Potions
 d - 5 potions of curing
 e - 2 potions of agility
 i - a potion of haste
 l - 2 potions of cancellation
 o - 6 potions of lignification {unknown}
 t - 2 potions of flight {unknown}
 C - a potion of brilliance
 I - a potion of magic
 M - 4 potions of invisibility
Books
 s - a book of Changes

   Spells                             Type                      Level
   a - Beastly Appendage              Transmutation                1
   b - Sticks to Snakes               Transmutation                2
   c - Spider Form                    Transmutation/Poison         3
   d - Ice Form                       Ice/Transmutation            4
   e - Blade Hands                    Transmutation                5
   Trog disapproves of the use of such an item.
 u - a book of Changes

   Spells                             Type                      Level
   a - Beastly Appendage              Transmutation                1
   b - Sticks to Snakes               Transmutation                2
   c - Spider Form                    Transmutation/Poison         3
   d - Ice Form                       Ice/Transmutation            4
   e - Blade Hands                    Transmutation                5
   Trog disapproves of the use of such an item.
Comestibles
 c - 4 bread rations
 w - 3 fruits
 H - 2 meat rations
 J - 5 chunks of flesh
 L - 8 royal jellies


   Skills:
 + Level 8.9 Fighting
 * Level 12.2 Maces & Flails
 + Level 11.2 Armour
 + Level 8.1 Dodging


You had 9 spell levels left.
You didn't know any spells.

Dungeon Overview and Level Annotations

Branches:
Dungeon (10/15)            Temple (0/1) D:6            Lair (0/6) D:9
    Orc: D:9-12

Altars:
Fedhas
Gozag
Hepliaklqana
Kikubaaqudgha
Makhleb
Trog
Uskayaw
Vehumet
Yredelemnul

Annotations:
D:10 Sonja


Innate Abilities, Weirdness & Mutations

You reflexively headbutt those who attack you in melee.
You have a pair of horns on your head.
Your body sometimes deteriorates upon taking damage.
You have an increased reservoir of magic. (+10% MP)
You are somewhat resistant to further mutation.
You are covered in fur. (AC +1)
You do not regenerate when monsters are visible.
You are occasionally teleported next to monsters.


Message History

Unknown command.
Sonja hits you but does no damage. Space bends around you.
* * * LOW HITPOINT WARNING * * *
Sonja barely misses you. Sonja closely misses you.
Sonja completely misses you. x2
Sonja hits you but does no damage. Space bends around you.
* * * LOW HITPOINT WARNING * * *
You see here a curare-tipped needle.
You feel very mighty all of a sudden. Sonja hits you but does no damage.
You blink.
Sonja mumbles some strange words.
Sonja blinks!
As you read the scroll labeled BUCOUGEEXT, it crumbles to dust.
You feel strangely unstable.
It was a scroll of teleportation.
Sonja bows elegantly.
Sonja hits you but does no damage. You block Sonja's attack.
Sonja closely misses you.
Sonja hits you with an uncursed dagger of distortion.
* * * LOW HITPOINT WARNING * * *
Space warps horribly around you!
You die...

############ #####...
..#$..##
#......###......#
#####.##.(..........#
###............((.....#
##.......###...##.#...##
#..#.##..###......#..##
.#...##........#@....#
.....##........#K##.##
...............#.##.#
......##............#
...............#.####
......##.......#.#
......##.......#..
......##.......####
............####


You could see Sonja.

Vanquished Creatures
  A two-headed ogre (D:8)
  An ugly thing (D:9)
  A gargoyle (D:10)
  A queen bee (D:10)
  A troll (D:10)
  2 hippogriffs
  Grinder (D:5)
  Sigmund (D:2)
  5 yaks (D:9)
  A hungry ghost (D:10)
  Duvessa (D:7)
  A black bear (D:7)
  An ice beast (D:7)
  2 orc warriors (D:7)
  A necrophage (D:8)
  4 sky beasts
  3 ogres
  A phantom (D:8)
  4 centaurs
  A crocodile (D:9)
  A big kobold (D:10)
  2 bullfrogs (D:8)
  2 scorpions
  A water moccasin skeleton (D:4)
  Dowan (D:7)
  14 killer bees (D:10)
  A howler monkey (D:7)
  4 crimson imps
  2 bullfrog zombies (D:5)
  A quasit (D:5)
  A centaur zombie (D:8)
  4 hounds
  3 jellies
  3 orc priests
  2 bullfrog skeletons
  4 iguanas
  Terence (D:3)
  5 orc wizards
  3 worker ants
  2 killer bee zombies
  2 hound skeletons
  4 mummies
  2 worker ant zombies
  6 adders
  4 shadow imps
  An ooze (D:5)
  A worm (D:3)
  A dart slug (D:1)
  2 leopard geckos (D:2)
  19 orcs
  2 ball pythons
  6 giant cockroaches
  4 gnoll zombies (Ossuary)
  4 goblins
  9 hobgoblins
  6 jackals
  10 kobolds
  4 quokkas
  A ball python skeleton (D:4)
  2 bats
  6 frilled lizards
  4 gnoll skeletons (Ossuary)
  4 goblin skeletons (Ossuary)
  3 goblin zombies (Ossuary)
  A hobgoblin skeleton (Ossuary)
  2 hobgoblin zombies (Ossuary)
  5 kobold skeletons (Ossuary)
  3 kobold zombies (Ossuary)
  2 orc skeletons (Ossuary)
  5 orc zombies
  10 rats (D:1)
  3 rat skeletons (Ossuary)
  4 rat zombies (Ossuary)
233 creatures vanquished.

Vanquished Creatures (others)
  Menkaure (Ossuary)
  A human (D:5)
  A gnoll skeleton (Ossuary)
  A gnoll zombie (Ossuary)
  2 hobgoblin skeletons (Ossuary)
  A hobgoblin zombie (Ossuary)
  2 kobold skeletons (Ossuary)
  2 kobold zombies (Ossuary)
  An orc zombie (Ossuary)
  A rat skeleton (Ossuary)
  A rat zombie (Ossuary)
14 creatures vanquished.

Grand Total: 247 creatures vanquished

Notes
Turn   | Place    | Note
-------+----------+-------------------------------------------
     0 | D:1      | tof the Minotaur Berserker began the quest for the Orb.
     0 | D:1      | Reached XP level 1. HP: 19/19 MP: 0/0
   117 | D:1      | Reached XP level 2. HP: 18/27 MP: 1/1
   296 | D:1      | Reached skill level 4 in Maces & Flails
   706 | D:1      | Reached XP level 3. HP: 33/33 MP: 2/2
   709 | D:1      | Reached ** piety under Trog
   998 | D:2      | Found a bloodstained altar of Trog.
   998 | D:2      | Found a radiant altar of Vehumet.
   999 | D:2      | Found an opulent altar of Gozag.
  1135 | D:2      | Noticed Sigmund
  1145 | D:2      | Killed Sigmund
  1145 | D:2      | Reached skill level 5 in Maces & Flails
  1145 | D:2      | Reached XP level 4. HP: 33/41 MP: 3/3
  1145 | D:2      | Reached XP level 5. HP: 38/47 MP: 4/4
  1481 | D:2      | Found a basalt altar of Yredelemnul.
  1481 | D:2      | Found a hazy altar of Hepliaklqana.
  1488 | D:2      | Found a hide-covered altar of Uskayaw.
  1490 | D:2      | Found a burning altar of Makhleb.
  1491 | D:2      | Found a faded altar of an unknown god.
  1674 | D:3      | Noticed Terence
  1680 | D:3      | Killed Terence
  2050 | D:4      | Reached XP level 6. HP: 51/53 MP: 5/5
  2088 | D:4      | Reached skill level 5 in Armour
  2381 | D:4      | Reached skill level 6 in Maces & Flails
  2780 | D:5      | Entered Level 5 of the Dungeon
  2824 | D:5      | Reached XP level 7. HP: 60/60 MP: 6/6
  2914 | D:5      | Reached skill level 5 in Fighting
  3060 | D:5      | Found an ancient bone altar of Kikubaaqudgha.
  3060 | D:5      | Noticed a human
  3064 | D:5      | Killed a human
  3091 | D:5      | Reached *** piety under Trog
  3361 | D:5      | Reached skill level 7 in Maces & Flails
  3375 | D:5      | Noticed Grinder
  3392 | D:5      | Paralysed by Grinder for 5 turns
  3399 | D:5      | Killed Grinder
  3402 | D:5      | Reached XP level 8. HP: 69/69 MP: 7/7
  3855 | D:6      | Found a sand-covered staircase.
  3902 | D:6      | Found a staircase to the Ecumenical Temple.
  4028 | D:6      | Gained mutation: You do not regenerate when monsters are visible. [mutagenic meat]
  4029 | D:6      | Gained mutation: You are covered in fur. (AC +1) [mutagenic meat]
  4030 | D:6      | Gained mutation: Your body sometimes deteriorates upon taking damage. [mutagenic meat]
  4596 | D:7      | Found a sand-covered staircase.
  4600 | D:7      | Reached skill level 8 in Maces & Flails
  4603 | Ossuary  | Entered an ossuary
  4696 | Ossuary  | Reached **** piety under Trog
  4780 | Ossuary  | Killed Menkaure
  4970 | D:7      | Reached skill level 5 in Dodging
  5565 | D:7      | Found a blossoming altar of Fedhas.
  5788 | D:7      | Noticed Dowan
  5790 | D:7      | Noticed Duvessa
  5792 | D:7      | Killed Dowan
  5800 | D:7      | Killed Duvessa
  5800 | D:7      | Reached skill level 9 in Maces & Flails
  5875 | D:7      | Reached XP level 9. HP: 74/78 MP: 8/8
  6168 | D:8      | Gained mutation: You have an increased reservoir of magic. (+10% MP) [mutagenic meat]
  6169 | D:8      | Gained mutation: You are occasionally teleported next to monsters. [mutagenic meat]
  6170 | D:8      | Gained mutation: You are somewhat resistant to further mutation. [mutagenic meat]
  6692 | D:8      | Reached skill level 10 in Maces & Flails
  7105 | D:8      | Noticed a two-headed ogre
  7117 | D:8      | Killed a two-headed ogre
  7117 | D:8      | Reached skill level 10 in Armour
  7339 | D:9      | Reached XP level 10. HP: 88/88 MP: 10/10
  7460 | D:9      | Reached skill level 11 in Maces & Flails
  7879 | D:9      | Reached ***** piety under Trog
  7949 | D:9      | Noticed a red ugly thing
  7964 | D:9      | Killed a red ugly thing
  8289 | D:9      | Found a staircase to the Lair.
  8368 | D:10     | Entered Level 10 of the Dungeon
  8386 | D:10     | Noticed a gargoyle
  8394 | D:10     | Killed a gargoyle
  8467 | D:10     | Reached skill level 12 in Maces & Flails
  8680 | D:10     | Noticed Sonja
  8693 | D:10     | Slain by Sonja

Skill      XL: |  1  2  3  4  5  6  7  8  9 10 |
---------------+-------------------------------+-----
Maces & Flails | 4 5 6 7 9 10 12 | 12.2
Armour         | 3 4 5 7 8 10 11 | 11.2
Fighting       | 4 5 6 7 8 |  8.9
Dodging        | 3 4 5 6 8 |  8.1

Action                   |  1- 3 |  4- 6 |  7- 9 | 10-12 || total
-------------------------+-------+-------+-------+-------++-------
Melee: Mace              |    69 |    23 |    31 |    69 ||   192
       Headbutt          |     5 |    13 |    61 |    27 ||   106
       Morningstar       |       |    49 |   274 |       ||   323
       Dire flail        |       |       |       |    87 ||    87
Invok: Berserk           |     1 |       |     1 |     3 ||     5
  Use: Scroll            |       |     4 |     9 |     9 ||    22
       Potion            |       |       |       |     2 ||     2
  Eat: Chunk             |     1 |     3 |    19 |     7 ||    30
       Meat ration       |       |     1 |       |       ||     1
       Royal jelly       |       |       |     1 |       ||     1
Armor: Animal skin       |     7 |       |       |       ||     7
       Ring mail         |     8 |       |       |       ||     8
       Quicksilver drago |       |    45 |   145 |    56 ||   246
Dodge: Dodged            |    37 |    54 |   190 |    96 ||   377
Block: Other             |       |       |     3 |    17 ||    20
